Map: Oxide LE

Players

ShaDoWn

  • Race: Protoss Protoss
  • Spawn Location: 1:00

Reynor - Winner!

  • Race: Zerg Zerg
  • League: Master
  • Spawn Location: 7:00

Event: DreamHack SC2 Masters 2020 Winter

VOD

Have the link to the VOD?

Description

Time

  • Played on: Oct. 22, 2020, 1:28 p.m.
  • Length: 12:34

All games in this series

Show
View Real Time Build Order
Export as new Build Order

ShaDoWn Protoss 

Build Orders: 1 Gate Expand, Oracle Opening 

Get SALT Encoding   

  12  0:00  Probe  
  13  0:12  Probe  
  14  0:19  Pylon  
  14  0:24  Probe  
  15  0:37  Probe (Chrono Boost)  
  15  0:39  Gateway  
  16  0:47  Probe (Chrono Boost)  
  16  0:49  Assimilator  
  17  0:51  Probe (Chrono Boost)  
  18  1:03  Probe  
  19  1:15  Probe  
  20  1:26  Nexus  
  20  1:36  Cybernetics Core  
  20  1:39  Probe  
  21  1:45  Assimilator  
  21  1:51  Probe  
  22  1:54  Pylon  
  22  2:04  Probe  
  23  2:09  Adept (Chrono Boost)  
  25  2:16  Probe  
  25  2:18  Stargate  
  26  2:27  Warp Gate  
  26  2:29  Probe (Chrono Boost)  
  27  2:32  Adept  
  29  2:40  Probe (Chrono Boost)  
  29  2:41  Probe (Chrono Boost)  
  31  2:48  Probe x2 (Chrono Boost)  
  33  2:53  Probe (Chrono Boost), Void Ray (Chrono Boost)  
  33  2:55  Probe  
  35  3:05  Probe  
  40  3:08  Pylon  
  40  3:09  Probe  
  41  3:17  Gateway, Probe  
  42  3:21  Probe  
  43  3:28  Oracle  
  43  3:29  Probe  
  43  3:33  Probe  
  48  3:41  Probe  
  49  3:45  Probe  
  50  3:50  Nexus  
  50  3:53  Pylon  
  50  3:54  Probe  
  51  3:58  Probe (Chrono Boost)  
  51  3:59  Assimilator  
  52  4:06  Assimilator, Probe (Chrono Boost)  
  53  4:12  Shield Battery  
  53  4:15  Pylon  
  53  4:16  Probe (Chrono Boost)  
  55  4:17  Adept, Probe (Chrono Boost)  
  55  4:22  Probe x2 (Chrono Boost)  
  59  4:31  Stargate x2  
  59  4:32  Probe  
  59  4:34  Probe  
  61  4:40  Pylon  
  61  4:42  Void Ray (Chrono Boost)  
  61  4:44  Assimilator, Probe  
  62  4:46  Probe  
  62  4:48  Assimilator  
  67  4:56  Probe (Chrono Boost)  
  69  5:01  Probe (Chrono Boost)  
  69  5:03  Probe (Chrono Boost)  
  70  5:09  Probe (Chrono Boost)  
  70  5:12  Void Ray (Chrono Boost)  
  70  5:13  Probe (Chrono Boost), Void Ray (Chrono Boost)  
  73  5:14  Probe (Chrono Boost)  
  73  5:15  Probe (Chrono Boost)  
  73  5:18  Probe (Chrono Boost)  
  83  5:23  Void Ray  
  83  5:24  Pylon, Probe x2 (Chrono Boost)  
  85  5:30  Probe (Chrono Boost)  
  92  5:39  Pylon  
  92  5:40  Probe x3 (Chrono Boost)  
  93  5:45  Probe (Chrono Boost)  
  93  5:46  Probe  
  93  5:47  Probe, Void Ray  
  96  5:51  Void Ray  
  96  5:53  Twilight Council  
  96  5:54  Forge  
  100  6:03  Gateway  
  105  6:10  Gateway x2  
  104  6:26  Gateway  
  104  6:27  Gateway  
  104  6:29  Robotics Facility, Zealot x2  
  104  6:31  Gateway  
  106  6:34  Gateway  
  106  6:36  Charge  
  106  6:37  Protoss Ground Weapons Level 1 (Chrono Boost)  
  102  6:51  Gateway  
  102  6:52  Photon Cannon, Templar Archives  
  102  6:54  Zealot  
  104  7:07  Pylon  
  104  7:10  Pylon  
  104  7:11  Gateway  
  104  7:12  Pylon  
  104  7:13  Warp Prism (Chrono Boost), Gateway  
  106  7:27  Pylon  
  106  7:28  Pylon  
  106  7:29  Pylon  
  106  7:31  Psionic Storm  
  106  7:36  Photon Cannon  
  106  7:41  Nexus  
  106  7:42  Pylon  
  106  7:43  High Templar x5  
  116  7:45  High Templar  
  116  7:46  Zealot  
  116  7:47  Zealot x2  
  124  7:52  Pylon  
  124  7:54  Photon Cannon  
  124  7:56  Zealot  
  126  8:01  Probe x3  
  126  8:03  Shield Battery  
  126  8:04  Photon Cannon  
  129  8:13  Probe x3  
  132  8:25  Pylon, Probe x3  
  132  8:26  High Templar x3  
  141  8:27  High Templar  
  141  8:29  Assimilator  
  141  8:30  Archon x2, Protoss Air Weapons Level 1 (Chrono Boost)  
  141  8:32  High Templar x2, Zealot x2  
  141  8:33  Zealot x3  
  157  8:35  Protoss Ground Weapons Level 2 (Chrono Boost)  
  157  8:36  Archon  
  157  8:37  Probe  
  157  8:41  Probe  
  159  8:44  Assimilator  
  159  8:45  Observer  
  158  8:56  Probe x2  
  158  9:01  Zealot x4  
  168  9:03  Pylon  
  168  9:04  Pylon  
  168  9:21  Photon Cannon  
  168  9:26  Fleet Beacon  
  168  9:33  Zealot x3  
  168  9:34  Zealot x9  
  163  10:00  Oracle (Chrono Boost)  
  154  10:07  Probe  
  154  10:09  Carrier (Chrono Boost)  
  154  10:10  Nexus, Carrier (Chrono Boost)  
  154  10:11  Photon Cannon  
  154  10:12  Photon Cannon  
  131  10:41  High Templar x4  
  113  10:45  Pylon  
  113  10:47  Carrier (Chrono Boost)  
  113  10:54  Zealot x8  
  129  10:59  Tempest (Chrono Boost)  
  129  11:00  Tempest (Chrono Boost)  
  135  11:13  Zealot x4  
  135  11:14  Zealot x3  
  132  11:29  Tempest  
  132  11:32  Tempest  
  148  11:38  Zealot x8  
  148  11:39  Zealot x2, Observer (Chrono Boost)  
  144  11:51  Probe  
  118  12:02  Zealot x2  
  118  12:03  Zealot x8  
  118  12:04  Observer (Chrono Boost)  
  124  12:11  Probe  
  124  12:14  Probe  
  100  12:22  Archon  
  100  12:23  Zealot x3  
Show
View Real Time Build Order
Export as new Build Order

Reynor Zerg - Winner!

Build Orders: Hatch First, Lurkers 

Get SALT Encoding   

  12  0:00  Drone  
  13  0:12  Overlord  
  13  0:16  Drone  
  14  0:30  Drone x2  
  16  0:41  Drone  
  17  0:51  Hatchery  
  17  0:53  Drone  
  17  0:57  Drone  
  18  1:07  Extractor  
  17  1:12  Spawning Pool  
  17  1:15  Drone  
  17  1:17  Drone  
  18  1:27  Drone  
  19  1:38  Drone  
  20  1:48  Overlord  
  20  2:00  Queen  
  22  2:03  Queen, Zergling x4  
  26  2:11  Drone  
  26  2:14  Drone  
  28  2:22  Drone, Metabolic Boost  
  29  2:24  Drone  
  30  2:36  Hatchery  
  29  2:38  Drone  
  29  2:40  Drone  
  31  2:46  Drone, Zergling x2  
  32  2:53  Overlord  
  32  2:58  Queen  
  32  3:02  Zergling x2  
  35  3:05  Drone  
  35  3:11  Drone x2  
  35  3:12  Drone x2  
  40  3:18  Zergling x2  
  40  3:19  Drone  
  42  3:28  Overlord  
  42  3:30  Drone  
  42  3:32  Spore Crawler  
  42  3:37  Queen  
  44  3:44  Evolution Chamber, Overlord  
  44  3:48  Drone x4  
  44  3:50  Drone  
  44  3:51  Drone  
  49  3:59  Drone  
  49  4:02  Queen  
  50  4:04  Pneumatized Carapace  
  50  4:07  Drone x2  
  54  4:10  Spore Crawler  
  54  4:14  Zergling x2  
  54  4:15  Drone x2  
  54  4:16  Overlord  
  56  4:19  Zergling x2  
  56  4:22  Drone  
  57  4:26  Spore Crawler  
  57  4:27  Drone  
  57  4:31  Spore Crawler  
  57  4:34  Overlord  
  57  4:35  Drone x3  
  57  4:37  Drone  
  61  4:39  Drone  
  61  4:40  Drone  
  61  4:42  Drone  
  64  4:48  Zergling x2  
  64  4:50  Roach Warren  
  64  4:51  Zergling x2  
  65  4:53  Drone  
  65  4:54  Drone  
  65  4:56  Zergling x4  
  65  4:59  Zergling x4  
  71  5:02  Overlord  
  71  5:10  Drone x3  
  71  5:12  Queen  
  73  5:14  Overlord  
  73  5:20  Zerg Missile Weapons Level 1  
  73  5:21  Lair  
  74  5:22  Extractor  
  74  5:23  Extractor  
  74  5:24  Spore Crawler, Extractor, Overlord  
  74  5:26  Drone x3  
  73  5:32  Drone x2  
  73  5:33  Drone x6  
  81  5:41  Overlord  
  81  5:42  Queen  
  83  5:44  Drone x2, Extractor  
  83  5:45  Drone, Extractor  
  86  5:50  Drone x2  
  86  5:52  Drone x3  
  86  5:56  Spore Crawler  
  88  5:57  Drone  
  88  6:02  Overlord  
  89  6:06  Drone x2  
  89  6:07  Drone x2  
  89  6:11  Zergling x4  
  95  6:16  Drone x2  
  95  6:18  Overlord  
  97  6:23  Hydralisk Den, Queen  
  97  6:25  Drone x2  
  100  6:26  Evolution Chamber  
  100  6:29  Hatchery, Zergling x4  
  100  6:30  Zergling x6  
  103  6:32  Overlord  
  103  6:36  Zergling x2  
  100  6:45  Drone x4  
  100  6:46  Drone  
  105  6:48  Drone  
  106  6:58  Hydralisk x6  
  106  7:00  Zerg Ground Armor Level 1  
  106  7:01  Muscular Augments, Hydralisk x2  
  117  7:07  Overlord  
  117  7:08  Overseer  
  121  7:17  Zerg Missile Weapons Level 2  
  121  7:19  Drone  
  121  7:20  Overlord  
  122  7:26  Drone x4, Hydralisk x2  
  130  7:30  Overlord  
  130  7:37  Overlord  
  130  7:40  Hydralisk x6  
  130  7:42  Drone x2  
  144  7:46  Lurker Den  
  144  7:47  Infestation Pit  
  144  7:48  Drone x3  
  144  7:50  Extractor  
  144  7:51  Spore Crawler, Extractor  
  143  7:54  Hydralisk x2  
  143  7:57  Overlord  
  146  7:59  Drone x2  
  146  8:04  Hydralisk x2  
  152  8:06  Overlord x2  
  152  8:12  Grooved Spines  
  152  8:18  Hydralisk  
  152  8:19  Hydralisk x3  
  160  8:22  Overlord  
  160  8:27  Hatchery  
  160  8:28  Hydralisk x3  
  160  8:30  Hive  
  160  8:34  Drone x4  
  167  8:36  Hydralisk  
  167  8:37  Zergling x2, Hydralisk  
  173  8:51  Hydralisk x3  
  173  8:52  Zergling x8  
  173  8:53  Zergling x2  
  180  9:11  Overlord x2  
  180  9:12  Overlord  
  180  9:14  Lurker x3  
  183  9:27  Lurker  
  184  9:32  Lurker x4  
  184  9:36  Lurker x2, Hydralisk x4  
  198  9:45  Lurker  
  198  9:46  Lurker  
  200  9:58  Extractor  
  186  10:01  Viper, Extractor  
  186  10:02  Viper  
  186  10:04  Zergling x26  
  196  10:09  Drone x7  
  196  10:11  Adaptive Talons  
  198  10:15  Spore Crawler x2  
  193  10:24  Hydralisk x3  
  193  10:25  Zergling x2  
  197  10:35  Hydralisk x9  
  183  10:36  Zergling x10  
  199  10:47  Spine Crawler  
  199  10:48  Drone  
  199  10:49  Spore Crawler, Spine Crawler x2  
  196  10:50  Spore Crawler, Spine Crawler  
  196  10:51  Spine Crawler  
  196  10:52  Overseer x2  
  196  10:55  Hydralisk  
  196  10:56  Zergling x8  
  198  11:08  Zergling x6  
  194  11:20  Hydralisk  
  194  11:21  Hydralisk x3  
  194  11:24  Overseer x3  
  195  11:41  Hydralisk x5  
  195  11:51  Hydralisk  
  195  11:53  Zergling x10  
  188  12:02  Hydralisk x7  
  192  12:09  Hydralisk x5  
  193  12:17  Hatchery  
Tags
 
Add a new tag
Caveats
  • Supply blocks, unpowered buildings, or Contaminate may cause inaccurate times.
  • Supply counts are checked every 10 seconds.